Map: Acid Plant LE

Players

Bly

  • Race: Zerg Zerg
  • Spawn Location: 11:00

Neeb - Winner!

  • Race: Protoss Protoss
  • Spawn Location: 5:00

Event: WCS Valencia 2018

VOD

Have the link to the VOD?

Description

Time

  • Played on: July 13, 2018, 9:17 a.m.
  • Length: 16:51

All games in this series

Show
View Real Time Build Order
Export as new Build Order

Bly Zerg 

Build Orders: Hatch First 

Get SALT Encoding   

  12  0:01  Drone  
  13  0:12  Overlord  
  13  0:18  Drone  
  14  0:31  Drone x2  
  16  0:40  Drone  
  17  0:51  Hatchery  
  16  0:58  Extractor  
  16  1:03  Drone  
  16  1:04  Drone  
  17  1:17  Spawning Pool  
  16  1:19  Drone  
  16  1:22  Drone  
  18  1:29  Drone  
  19  1:42  Overlord  
  19  1:50  Drone  
  20  2:02  Drone  
  20  2:04  Queen x2  
  20  2:07  Zergling x2  
  26  2:12  Metabolic Boost  
  26  2:16  Drone  
  26  2:21  Drone  
  28  2:23  Drone  
  28  2:27  Drone  
  30  2:32  Drone  
  31  2:44  Hatchery  
  31  2:47  Drone x2  
  32  2:54  Queen  
  34  2:59  Overlord  
  34  3:00  Zergling x2  
  34  3:02  Zergling x2  
  36  3:08  Overlord  
  36  3:10  Overlord  
  34  3:21  Drone x4  
  35  3:28  Drone  
  35  3:29  Drone  
  37  3:37  Drone  
  37  3:40  Drone  
  39  3:42  Lair  
  39  3:44  Drone x2  
  39  3:48  Overlord  
  41  3:51  Drone x2  
  41  3:55  Drone x2  
  45  3:58  Drone  
  45  4:01  Drone x2  
  48  4:11  Drone x3  
  48  4:14  Spore Crawler  
  48  4:16  Overlord  
  50  4:18  Overlord  
  50  4:20  Drone x2  
  50  4:21  Spore Crawler  
  50  4:23  Overlord  
  52  4:29  Overlord  
  52  4:32  Zergling x6  
  52  4:33  Zergling x2  
  52  4:37  Zergling x2  
  56  4:40  Extractor  
  56  4:42  Hydralisk Den  
  56  4:43  Extractor  
  54  4:49  Zergling x12  
  60  4:56  Drone x3  
  60  4:57  Drone x2  
  65  5:04  Zergling x4  
  66  5:18  Drone x6  
  66  5:20  Muscular Augments  
  66  5:21  Extractor  
  71  5:28  Drone x4  
  73  5:33  Drone x3  
  74  5:40  Baneling Nest, Zergling x14  
  79  5:45  Extractor x2  
  79  5:47  Zergling x6  
  77  6:07  Hydralisk x8  
  83  6:12  Hydralisk  
  72  6:39  Drone x4  
  77  6:40  Drone x4  
  77  6:42  Drone  
  77  6:46  Overseer  
  78  6:51  Drone x2  
  80  6:55  Drone  
  81  7:04  Overlord  
  81  7:09  Drone x3  
  81  7:10  Overlord  
  81  7:15  Drone x4  
  86  7:16  Drone x2  
  86  7:22  Overlord, Centrifical Hooks  
  90  7:23  Grooved Spines  
  90  7:25  Evolution Chamber  
  89  7:30  Hydralisk x2  
  89  7:35  Hatchery  
  89  7:36  Overlord  
  92  7:46  Hydralisk x4  
  92  7:51  Overlord, Zerg Melee Weapons Level 1  
  100  7:56  Drone x5  
  105  8:04  Hydralisk x3  
  111  8:05  Hydralisk  
  111  8:09  Overlord, Hatchery  
  112  8:17  Zergling x12  
  112  8:18  Zergling x4  
  119  8:32  Overseer, Drone x6  
  119  8:45  Spire  
  119  8:46  Drone  
  119  8:47  Drone x4  
  123  8:49  Extractor  
  123  8:51  Extractor  
  123  8:54  Baneling x16  
  121  8:59  Overlord  
  121  9:03  Overlord  
  121  9:04  Spore Crawler  
  121  9:07  Zergling x20  
  121  9:09  Zergling x2  
  129  9:29  Zergling x22  
  129  9:30  Baneling x5  
  139  9:33  Drone x3  
  139  9:34  Drone x2  
  140  9:42  Overseer, Drone x7  
  147  9:50  Zerg Melee Weapons Level 2  
  147  10:04  Extractor  
  147  10:05  Extractor  
  147  10:06  Mutalisk x10  
  155  10:08  Overlord  
  163  10:24  Hydralisk  
  163  10:25  Hydralisk x4  
  163  10:26  Zergling x16  
  181  10:30  Baneling x8  
  179  10:39  Drone  
  179  10:40  Drone  
  179  10:42  Overlord x2  
  181  10:45  Spine Crawler  
  181  10:46  Spine Crawler  
  179  10:56  Mutalisk  
  181  11:01  Overlord, Infestation Pit  
  163  11:30  Mutalisk, Zerg Flyer Weapons Level 1  
  163  11:31  Mutalisk x11  
  170  11:51  Zergling x30  
  170  11:53  Baneling x13  
  179  11:58  Hive  
  179  12:00  Drone x2  
  181  12:07  Zergling x22  
  192  12:09  Zerg Missile Weapons Level 1  
  192  12:15  Baneling x10  
  192  12:18  Overseer x3  
  166  12:44  Hydralisk x8  
  166  12:45  Hydralisk x2  
  176  12:56  Zergling x2  
  176  12:57  Zergling x18  
  176  13:00  Baneling x6  
  141  13:25  Hydralisk  
  141  13:26  Hydralisk x9  
  138  13:32  Viper  
  138  13:33  Hydralisk  
  138  13:34  Hydralisk  
  143  13:46  Baneling x14  
  143  13:50  Drone x6  
  143  13:51  Drone  
  150  14:12  Zergling x26  
  150  14:13  Zergling x10  
  150  14:16  Zerg Flyer Armor Level 1  
  168  14:18  Zerg Missile Weapons Level 2  
  161  14:45  Corruptor x8  
  161  14:48  Drone x3  
  174  15:21  Overlord x4  
  174  15:22  Pneumatized Carapace  
  174  15:26  Extractor  
  173  15:28  Baneling x6  
  173  15:29  Baneling  
  173  15:40  Overseer x3  
  173  15:43  Drone x2  
  173  15:44  Drone  
  173  15:47  Drone  
  175  16:02  Evolution Chamber  
  164  16:07  Hydralisk x18  
  164  16:09  Baneling  
  164  16:10  Baneling x7  
  94  16:48  Unknown  
Show
View Real Time Build Order
Export as new Build Order

Neeb Protoss - Winner!

Build Orders: 1 Gate Expand, Oracle Opening, Phoenix Opening, Archon Immortal, Carriers, Zealot Archon 

Get SALT Encoding   

  12  0:00  Probe  
  13  0:12  Probe  
  14  0:18  Pylon  
  14  0:24  Probe  
  15  0:32  Probe  
  15  0:40  Probe  
  15  0:41  Gateway  
  16  0:47  Assimilator  
  17  0:51  Probe  
  18  1:03  Probe  
  19  1:15  Probe  
  20  1:24  Nexus  
  20  1:34  Cybernetics Core  
  20  1:37  Probe  
  21  1:42  Assimilator  
  21  1:49  Probe  
  21  1:52  Pylon  
  22  1:59  Probe  
  22  2:01  Adept  
  22  2:07  Probe  
  26  2:16  Probe  
  26  2:20  Stargate  
  26  2:22  Adept  
  29  2:30  Probe  
  29  2:34  Warp Gate  
  29  2:36  Probe  
  31  2:42  Probe  
  32  2:45  Adept  
  32  2:48  Probe  
  35  2:55  Probe  
  36  3:00  Probe  
  36  3:02  Gateway  
  36  3:03  Oracle  
  37  3:07  Probe  
  37  3:12  Probe  
  42  3:19  Probe  
  43  3:24  Probe  
  42  3:28  Gateway  
  42  3:30  Assimilator  
  42  3:31  Probe  
  42  3:32  Phoenix, Pylon  
  41  3:37  Probe  
  44  3:43  Probe  
  45  3:49  Probe  
  45  3:50  Twilight Council  
  45  3:53  Adept  
  45  3:55  Probe  
  49  3:57  Adept  
  49  4:01  Probe  
  52  4:04  Pylon  
  52  4:07  Assimilator  
  52  4:09  Probe  
  53  4:13  Probe, Resonating Glaives  
  54  4:22  Probe  
  55  4:25  Probe  
  56  4:34  Probe  
  56  4:37  Probe, Nexus  
  56  4:38  Pylon  
  58  4:42  Adept  
  58  4:43  Adept  
  62  4:47  Pylon  
  62  4:51  Pylon  
  62  4:56  Probe  
  63  5:02  Adept  
  63  5:03  Adept x2  
  63  5:04  Probe  
  70  5:12  Probe  
  70  5:13  Robotics Facility  
  71  5:15  Pylon  
  71  5:22  Probe  
  71  5:24  Probe  
  71  5:27  Adept x3  
  79  5:34  Probe  
  78  5:36  Probe  
  78  5:38  Pylon  
  78  5:42  Templar Archives  
  79  5:46  Probe  
  79  5:47  Pylon  
  79  5:48  Probe  
  81  5:54  Probe  
  81  5:55  Warp Prism  
  82  5:58  Probe  
  82  6:00  Probe  
  82  6:05  Adept x3  
  82  6:06  Probe  
  82  6:11  Probe  
  84  6:14  Assimilator x2  
  84  6:15  Probe  
  83  6:20  Gateway  
  83  6:22  Psionic Storm  
  83  6:24  Gateway  
  81  6:27  Probe, Gateway  
  81  6:28  Immortal  
  80  6:33  Probe  
  80  6:41  Gateway  
  80  6:42  Gateway  
  80  6:46  High Templar x3  
  85  6:51  Shield Battery  
  85  6:52  Shield Battery  
  85  6:58  Probe  
  86  7:02  Pylon  
  86  7:05  Immortal, Charge, Pylon  
  86  7:08  Pylon  
  90  7:12  Archon  
  90  7:18  Probe x2  
  92  7:23  Forge, High Templar x4  
  92  7:25  Pylon  
  100  7:32  Pylon, Gateway  
  100  7:33  Gateway  
  100  7:37  Pylon x2  
  100  7:41  Immortal  
  100  7:42  Adept  
  100  7:43  Adept  
  100  7:44  Adept x2, Probe  
  104  7:46  Probe, Protoss Ground Weapons Level 1  
  110  8:03  Adept  
  110  8:04  Adept x3  
  118  8:07  Probe  
  118  8:11  Adept x4  
  127  8:17  Observer  
  127  8:26  Pylon  
  126  8:30  Immortal  
  124  8:39  Fleet Beacon  
  126  8:43  High Templar x2  
  126  8:47  Probe x2, Nexus  
  132  8:50  Pylon  
  132  8:53  Zealot x4  
  140  9:05  Pylon  
  140  9:10  Shield Battery  
  140  9:12  Shield Battery  
  140  9:15  Photon Cannon  
  140  9:17  Mothership  
  140  9:21  Immortal  
  140  9:23  High Templar x4  
  150  9:25  Probe x2  
  150  9:26  Shield Battery, Probe  
  151  9:37  Probe  
  146  9:43  Assimilator  
  146  9:45  Archon x2  
  144  9:47  Assimilator  
  144  9:48  Protoss Ground Weapons Level 2  
  150  10:02  Immortal  
  150  10:04  Photon Cannon  
  150  10:05  Photon Cannon  
  152  10:10  Zealot x4  
  152  10:11  Zealot  
  162  10:27  Photon Cannon  
  162  10:29  Protoss Air Weapons Level 1, High Templar x2, Zealot x3  
  162  10:30  Photon Cannon  
  170  10:36  Archon  
  170  10:39  Probe  
  170  10:41  Immortal  
  175  10:47  Stargate  
  175  10:49  Stargate  
  175  10:53  Stalker x4  
  175  10:56  Stalker  
  180  11:04  Photon Cannon  
  180  11:05  Photon Cannon  
  180  11:12  Probe, Anion Pulse-Crystals  
  180  11:13  Phoenix  
  180  11:16  Probe  
  180  11:18  Stalker x2  
  174  11:22  Probe  
  174  11:24  Stalker x2  
  166  11:30  Phoenix  
  166  11:32  Phoenix  
  165  11:38  Probe  
  166  11:40  Probe  
  166  11:41  Phoenix  
  166  11:47  Probe  
  156  11:48  Probe, Phoenix  
  156  11:50  Probe  
  156  11:52  Probe  
  157  11:56  Phoenix, High Templar  
  157  12:00  Probe  
  160  12:04  Phoenix  
  160  12:06  Observer  
  163  12:09  Protoss Shields Level 1  
  163  12:25  Stalker x2  
  163  12:26  Stalker x3  
  163  12:30  Phoenix x2  
  168  12:42  Stalker x2  
  166  12:44  Stalker  
  166  12:48  Carrier  
  166  12:49  Carrier  
  162  12:53  Probe  
  162  12:54  Probe x2  
  161  13:03  Carrier  
  169  13:06  Protoss Air Weapons Level 2  
  169  13:11  Archon  
  169  13:12  Probe  
  170  13:16  Zealot x4  
  170  13:17  Zealot  
  170  13:18  Probe  
  177  13:23  Probe  
  157  13:35  Probe  
  157  13:36  Probe  
  159  13:43  Immortal  
  159  13:49  Probe  
  159  13:50  Graviton Catapult  
  159  13:51  Probe x2  
  159  13:52  Probe, High Templar x2  
  171  13:57  High Templar  
  171  13:58  High Templar  
  175  14:10  Photon Cannon x2  
  175  14:12  Photon Cannon  
  175  14:15  Carrier  
  181  14:18  Carrier  
  183  14:33  Probe x4  
  183  14:37  Carrier  
  179  14:45  Probe x4  
  183  15:14  High Templar x2  
  183  15:15  Nexus  
  183  15:21  Archon  
  183  15:25  High Templar x4  
  191  15:31  Archon  
  191  15:34  Archon  
  191  15:36  Pylon  
  191  15:38  Pylon  
  191  15:44  High Templar x2, Zealot  
  191  15:49  Archon  
  197  16:00  Zealot x2  
  199  16:14  Zealot x2  
  176  16:30  Probe x3  
  176  16:31  Probe x2  
  171  16:39  Archon  
  160  16:41  Archon  
Tags
 
Add a new tag
Caveats
  • Supply blocks, unpowered buildings, or Contaminate may cause inaccurate times.
  • Supply counts are checked every 10 seconds.